Map: Lightshade LE

Players

bepo - Winner!

  • Race: Protoss Protoss
  • League: Master
  • Spawn Location: 5:00

Osiris

  • Race: Terran Terran
  • League: Master
  • Spawn Location: 11:00

VOD

Have the link to the VOD?

Description

Time

  • Played on: March 10, 2021, 3:41 a.m.
  • Length: 4:06
Show
View Real Time Build Order
Export as new Build Order

bepo Protoss - Winner!

Build Orders:  

Get SALT Encoding   

  12  0:02  Probe  
  14  0:14  Probe  
  14  0:18  Pylon  
  14  0:26  Probe  
  15  0:37  Pylon  
  15  0:38  Probe  
  16  0:50  Probe  
  16  0:55  Gateway  
  17  1:02  Probe, Assimilator  
  18  1:14  Probe  
  19  1:26  Probe  
  20  1:43  Cybernetics Core  
  20  1:44  Zealot (Chrono Boost)  
  22  1:54  Nexus  
  22  2:03  Zealot (Chrono Boost)  
  22  2:04  Probe  
  25  2:10  Assimilator  
  25  2:16  Probe  
  26  2:24  Warp Gate  
  26  2:25  Stalker (Chrono Boost)  
  28  2:33  Probe  
  29  2:45  Stalker (Chrono Boost)  
  31  3:05  Probe  
  31  3:08  Stalker  
  31  3:09  Probe  
  31  3:10  Twilight Council  
  35  3:18  Probe  
  36  3:22  Probe  
  37  3:27  Pylon  
  37  3:30  Probe  
Show
View Real Time Build Order
Export as new Build Order

Osiris Terran 

Build Orders: Reaper Expand 

Get SALT Encoding   

  12  0:00  SCV  
  13  0:12  SCV  
  14  0:17  Supply Depot  
  14  0:24  SCV  
  15  0:38  SCV  
  15  0:41  Barracks  
  16  0:47  Refinery  
  16  0:50  SCV  
  17  1:03  SCV  
  18  1:15  SCV  
  19  1:29  Reaper  
  20  1:39  Command Center  
  20  1:44  Orbital Command  
  20  1:54  Supply Depot  
  20  2:01  Marine  
  21  2:10  SCV  
  21  2:15  Factory  
  22  2:22  SCV  
  23  2:24  Barracks Reactor  
  23  2:29  Bunker  
  23  2:34  SCV  
  23  2:35  Refinery  
  21  3:03  Marine x2  
  21  3:06  Hellion  
  21  3:09  Starport  
  21  3:11  Command Center  
  23  3:17  Bunker  
  23  3:19  SCV  
  23  3:22  Marine x2  
  25  3:28  Factory Tech Lab  
  25  3:32  SCV  
  25  3:44  Marine  
  25  3:47  Marine  
  23  3:56  Factory Tech Lab  
Tags
 
Add a new tag
Caveats
  • Supply blocks, unpowered buildings, or Contaminate may cause inaccurate times.
  • Supply counts are checked every 10 seconds.